 Dungeon Crawl Stone Soup version 0.29.1-14-g9c671dbff4 (webtiles) character file.

Game seed: 817743791875047749

692 protoss039 the Digger (level 7, -1/53 HPs)
             Began as a Demonspawn Earth Elementalist on Feb 16, 2023.
             Slain by Duvessa
             ... wielding a +2 short sword of holy wrath
              (3 damage)
             ... on level 4 of the Dungeon.
             The game lasted 00:07:25 (4363 turns).

protoss039 the Digger (DsEE)                        Turns: 4363, Time: 00:07:25

Health: -1/53      AC: 11    Str: 15    XL:     7   Next: 36%
Magic:  12/12      EV: 11    Int: 20    God:
Gold:   250        SH:  4    Dex: 13    Spells: 4/13 levels left

rFire   . . .      SeeInvis +   x - +0 dagger (venom)
rCold   . . .      Faith    .   (no shield)
rNeg    . . .      Spirit   .   p - +1 leather armour of Words of Power {Str+6 Int+2 SInv}
rPois   .          Reflect  .   f - +1 helmet
rElec   .          Harm     .   r - +0 cloak
rCorr   .          Rampage  .   (no gloves)
Will    .....                   (boots unavailable)
Stlth   ++........              (no amulet)
HPRegen 0.17/turn               (no ring)
MPRegen 0.13/turn               (no ring)

@: no status effects
A: hooves 3, icemail 1, condensation shield
a: no special abilities


You were on level 4 of the Dungeon.
You visited 1 branch of the dungeon, and saw 4 of its levels.

You collected 250 gold pieces.

Inventory:

Hand Weapons
 h - a +4 short sword
 x - a +0 dagger of venom (weapon)
Armour
 f - a +1 helmet (worn)
 o - a +0 kite shield
 p - the +1 leather armour of Words of Power (worn) {Str+6 Int+2 SInv}
   (You found it on level 3 of the Dungeon)

   Str:       It affects your strength (+6).
   Int:       It affects your intelligence (+2).
   SInv:      It lets you see invisible.
 r - a +0 cloak (worn)
 u - the +0 leather armour "Voal" {rElec}
   (You found it on level 3 of the Dungeon)

   rElec:     It insulates you from electricity.
Wands
 m - a wand of digging (4)
Scrolls
 a - a scroll of blinking {unknown}
 d - a scroll of fear {unknown}
 g - a scroll of enchant weapon {unknown}
 i - a scroll of enchant armour
 k - a scroll of teleportation {unknown}
 l - a scroll of poison
 s - a scroll of identify {unknown}
 v - a scroll of summoning {unknown}
Potions
 b - a potion of magic
 c - a potion of cancellation {unknown}
 e - 2 potions of heal wounds {unknown}
 j - 3 potions of haste {unknown}
 n - 2 potions of curing
 q - a potion of flight {unknown}
 t - a potion of lignification {unknown}
 w - a potion of degeneration {unknown}


   Skills:
 + Level 3.7 Fighting
 * Level 2.1 Armour
 - Level 1.7 Dodging
 - Level 1.7 Stealth
 + Level 3.9 Spellcasting
 * Level 2.4 Conjurations
 - Level 0.8 Transmutations
 * Level 1.2 Air Magic
 + Level 4.3 Earth Magic
 * Level 1.3 Poison Magic


You had 4 spell levels left.
You knew the following spells:

 Your Spells              Type           Power      Damage    Failure   Level
a - Sandblast             Erth           42%        2d11      2%          1
b - Passwall              Tmut/Erth      11%        N/A       9%          2
c - Stone Arrow           Conj/Erth      34%        3d9       12%         3
d - Mephitic Cloud        Conj/Pois/Air  10%        N/A       24%         3

Your spell library contained the following spells:

 Spells                   Type           Power      Damage    Failure   Level
 Ignite Poison            Fire/Tmut/Pois 6%         N/A       34%         3
 Petrify                  Tmut/Erth      14%        N/A       47%         4
 Iskenderun's Battlesphe  Conj           13%        2d7       85%         5
 Fireball                 Conj/Fire      4%         3d4       95%         5
 Freezing Cloud           Conj/Ice/Air   4%         6-21      95%         5
 Conjure Ball Lightning   Conj/Air       5%         3x3d6     100%        6
 Orb of Destruction       Conj           6%         9d6       100%        7


Dungeon Overview and Level Annotations

Branches:
Dungeon (4/15) Zot: 19571
 Temple: D:4-7

Altars:

Shops:
D:1 :   D:2 :

Annotations:
D:4 Dowan, Duvessa


Innate Abilities, Weirdness & Mutations

You have hooves in place of feet.
A meltable icy envelope protects you from harm. (AC +4)
A meltable shield of frost defends you. (SH +4)


Message History

You convulse.
You barely miss Duvessa.
Duvessa is moderately wounded.
Duvessa hits you with a +2 short sword of holy wrath.
You convulse.
Dowan hits you but does no damage.
Unknown command.
Unknown command.
Duvessa attacks as you move away!
Duvessa hits you with a +2 short sword of holy wrath.
* * * LOW HITPOINT WARNING * * *
You convulse.
* * * LOW HITPOINT WARNING * * *
Unknown command.
Unknown command.
You hit Duvessa but do no damage.
Duvessa looks as sick as possible!
Your kick misses Duvessa.
Duvessa is moderately wounded.
Duvessa hits you but does no damage. Dowan barely misses you.
Unknown command.
Unknown command.
Unknown command.
You barely miss Dowan. Your kick misses Dowan. Duvessa misses you.
Dowan misses you.
Unknown command.
You hit Dowan.
Dowan is poisoned.
You kick Dowan.
Dowan is lightly wounded.
Duvessa misses you. Dowan gestures at you while chanting.
The puff of frost hits you!
* * * LOW HITPOINT WARNING * * *
Unknown command.
Unknown command.
Dowan attacks as you move away! Dowan hits you but does no damage.
Unknown command.
You hit Dowan but do no damage. Your kick misses Dowan.
Dowan is lightly wounded.
Duvessa hits you with a +2 short sword of holy wrath.
* * * LOW HITPOINT WARNING * * *
You convulse.
You die...

########## #........# ######
#........# ## #....# #........#
#. #### #.##.# #..@.....# #.
...###.##.####.ee.....##########.
...#...##........................
.<.#'####..###........##########.
...(......####........# #.
..........#.##........# ########
.......#..#.##........# #....#
###....#.##.##.....)..####....#
##.##.#....#...........##....###


You could see Duvessa (very poisoned) and Dowan (poisoned).

Vanquished Creatures
  Sigmund (D:2)
  An ogre (D:4)
  2 kobold brigands (D:3)
  A necrophage (D:4)
  A hound (D:4)
  3 orc wizards
  7 adders
  4 worms
  11 orcs
  7 endoplasms
  2 giant cockroaches (D:2)
  2 goblins
  8 hobgoblins
  4 jackals
  15 kobolds
  3 quokkas
  2 ball pythons (D:3)
  3 bats
  2 frilled lizards
  3 rats
82 creatures vanquished.

Notes
Turn   | Place    | Note
-------+----------+-------------------------------------------
     0 | D:1      | protoss039 the Demonspawn Earth Elementalist began the
                  | quest for the Orb.
     0 | D:1      | Reached XP level 1. HP: 13/13 MP: 3/3
   350 | D:1      | Gained mutation: A meltable shield of frost defends you.
                  | (SH +4) [demonic ancestry]
   350 | D:1      | Reached XP level 2. HP: 20/20 MP: 3/5
   899 | D:1      | Found Qint's Book Emporium.
   983 | D:1      | Reached skill level 1 in Fighting
  1044 | D:2      | Reached skill level 3 in Earth Magic
  1114 | D:2      | Found a faded altar of an unknown god.
  1179 | D:2      | Gained mutation: A meltable icy envelope protects you from
                  | harm. (AC +4) [demonic ancestry]
  1179 | D:2      | Reached XP level 3. HP: 26/26 MP: 3/6
  1739 | D:2      | Noticed Sigmund
  1744 | D:2      | Killed Sigmund
  1745 | D:2      | Reached skill level 4 in Earth Magic
  1745 | D:2      | Reached XP level 4. HP: 35/35 MP: 3/9
  1745 | D:2      | Gained mutation: You have large cloven feet. [demonic
                  | ancestry]
  1745 | D:2      | Reached XP level 5. HP: 41/41 MP: 3/10
  1921 | D:2      | Found Yphulopp's Book Shop.
  1964 | D:2      | Learned a level 2 spell: Passwall
  1968 | D:2      | Learned a level 3 spell: Stone Arrow
  2032 | D:3      | Identified the +1 leather armour of Words of Power {Str+6
                  | Int+2 SInv}
  2736 | D:3      | Gained mutation: You have hoof-like feet. [demonic
                  | ancestry]
  2736 | D:3      | Reached XP level 6. HP: 47/47 MP: 6/11
  2741 | D:3      | Reached skill level 1 in Conjurations
  2795 | D:3      | Identified the +0 leather armour "Voal" {rElec}
  3005 | D:3      | Reached skill level 1 in Armour
  3264 | D:3      | Learned a level 3 spell: Mephitic Cloud
  3379 | D:4      | Identified the +10 morningstar "Teach" {vorpal, Int+2}
  3601 | D:4      | Gained mutation: You have hooves in place of feet. [demonic
                  | ancestry]
  3601 | D:4      | Reached XP level 7. HP: 52/52 MP: 9/12
  3689 | D:4      | Noticed Duvessa
  3694 | D:4      | Noticed Dowan
  3697 | D:4      | HP: 2/53 [Duvessa/+2 short sword of holy wrath (7)]
  3976 | D:4      | Reached skill level 1 in Air Magic
  3976 | D:4      | Reached skill level 1 in Poison Magic
  4363 | D:4      | HP: 2/53 [Duvessa/+2 short sword of holy wrath (6)]
  4363 | D:4      | Slain by Duvessa

Illustrated notes

Levels and vault maps discovered:
D:1:      dpeg_arrival_court, layout_basic, serial_shops, shop
D:2:      layout_loops_ring, hellmonk_ecumenical_altar_leap_of_faith,
          serial_shops, shop, minmay_misc_feat_chi, uniq_sigmund
D:3:      cheibrodos_thug_alley, layout_basic
D:4:      layout_basic, uniq_duvessa

Skill      XL: |  1  2  3  4  5  6  7 |
---------------+----------------------+-----
Fighting       | 1 3 |  3.7
Earth Magic    | 3 4 |  4.3
Spellcasting   | 3 |  3.9
Conjurations   | 2 |  2.4
Armour         | 1 2 |  2.1
Air Magic      | 1 |  1.2
Poison Magic   | 1 |  1.3
Dodging        | |  1.7
Stealth        | |  1.7
Transmutations | |  0.8

Action                   |  1- 3 |  4- 6 |  7- 9 || total
-------------------------+-------+-------+-------++-------
Melee: Spear             |    29 |       |       ||    29
       Short sword       |    14 |    46 |    18 ||    78
       Kick              |       |    14 |     5 ||    19
       Dagger            |       |       |     9 ||     9
 Cast: Sandblast         |    34 |    40 |    28 ||   102
       Passwall          |       |       |     2 ||     2
  Use: Scroll            |       |       |     2 ||     2
       Potion            |       |       |     2 ||     2
 Stab: Sleeping          |     1 |     3 |       ||     4
Armor: Robe              |    13 |       |       ||    13
       Leather armour    |       |    30 |    14 ||    44
Dodge: Dodged            |    32 |    29 |    23 ||    84
Block: Other             |     3 |    14 |     5 ||    22
